 Dungeon Crawl Stone Soup version 0.19-a0-147-g6f47703 (webtiles) character file.

9698 Lugonue the Carver (level 11, 0/97 HPs)
             Began as a Minotaur Fighter on May 17, 2016.
             Was a High Priest of Okawaru.
             Killed from afar by an orc sorcerer (30 damage)
             ... with a bolt of fire
             ... led by an orc knight
             ... while paralysed by an orc sorcerer
             ... on level 1 of the Orcish Mines on May 18, 2016.
             The game lasted 00:38:45 (8819 turns).

Lugonue the Carver (Minotaur Fighter)               Turns: 8819, Time: 00:38:46

Health: 0/97       AC: 14    Str: 20    XL:     11   Next: 26%
Magic:  4/10       EV: -3    Int:  5    God:    Okawaru [*****.]
Gold:   595        SH:  0    Dex: 18    Spells: 1 memorised, 8 levels left

rFire  . . .     SeeInvis .     J - +1 falchion of Valiance {freeze, rPois MR+ MP-9 Dex+4}
rCold  + . .     Gourm    .     h - +1 ring mail {rC+}
rNeg   . . .     Faith    .     c - +0 shield
rPois  +         Spirit   .     b - +2 hat
rElec  .         Dismiss  .     k - +0 cloak
rCorr  .         Reflect  .     z - +0 pair of gloves
SustAt .         Harm     .     (no boots)
MR     +....     Rnd*Tele +     (no amulet)
Stlth  +.........               j - ring of teleportation
                                u - ring of magical power

@: paralysed, drained, somewhat resistant to hostile enchantments, very
unstealthy
A: retaliatory headbutt, horns 2, slimy green scales 1, blurry vision 1, wild
magic 1
a: Heroism, Finesse, Renounce Religion


You were on level 1 of the Orcish Mines.
You worshipped Okawaru.
Okawaru was extremely pleased with you.
You were not hungry.

You visited 3 branches of the dungeon, and saw 12 of its levels.
You also visited: Sewer.

You collected 595 gold pieces.

Inventory:

Hand Weapons
 a - a +1 long sword
 q - a +3 dagger of chaos
 E - a +0 shortbow
 J - the +1 falchion of Valiance (weapon) {freeze, rPois MR+ MP-9 Dex+4}
   (Okawaru gifted it to you on level 10 of the Dungeon)

   It has been specially enchanted to freeze those struck by it, causing extra
   injury to most foes and up to half again as much damage against particularly
   susceptible opponents.
   It can also slow down cold-blooded creatures.
   It affects your dexterity (+4).
   It protects you from poison.
   It affects your resistance to hostile enchantments.
   It affects your magic capacity (-9).
Missiles
 l - 3 javelins (quivered)
 F - 32 arrows
Armour
 b - a +2 hat (worn)
 c - a +0 shield (worn)
 h - a +1 ring mail of cold resistance (worn)
 k - a +0 cloak (worn)
 z - a +0 pair of gloves (worn)
Jewellery
 j - a ring of teleportation (right hand)
 o - a +2 ring of strength
 p - an uncursed ring of protection from magic
 u - a ring of magical power (left hand)
 L - an uncursed ring of protection from magic
Wands
 d - a wand of iceblast (15/15)
 t - a wand of lightning (4/15)
 v - a wand of enslavement (13/24)
 H - a wand of acid (6/15)
 I - a wand of paralysis (14/24)
Scrolls
 e - 4 scrolls of recharging
 g - a scroll of amnesia
 m - 3 scrolls of remove curse
 n - a scroll of fog
 s - 2 scrolls of blinking
 x - a scroll of fear
 y - a scroll of enchant armour
 B - a scroll of identify
Potions
 i - a potion of cure mutation
 r - 2 potions of heal wounds
 w - a potion of brilliance
 D - a potion of curing
 G - a potion of haste
Books
 A - a book of Clouds

   Spells                             Type                      Level
   a - Mephitic Cloud                 Conjuration/Poison/Air       3
   b - Conjure Flame                  Conjuration/Fire             3
   c - Poisonous Cloud                Conjuration/Poison/Air       6
   d - Freezing Cloud                 Conjuration/Ice/Air          6
   e - Ring of Flames                 Charms/Fire                  7
 C - a book of Air

   Spells                             Type                      Level
   a - Shock                          Conjuration/Air              1
   b - Swiftness                      Charms/Air                   2
   c - Repel Missiles                 Charms/Air                   2
   d - Static Discharge               Conjuration/Air              3
   e - Lightning Bolt                 Conjuration/Air              5
 K - a book of the Dragon

   Spells                             Type                      Level
   a - Flame Tongue                   Conjuration/Fire             1
   b - Cause Fear                     Hexes                        4
   c - Bolt of Fire                   Conjuration/Fire             6
   d - Dragon Form                    Transmutation                7
   e - Dragon's Call                  Summoning                    9
Comestibles
 f - 11 bread rations


   Skills:
 * Level 9.3(8.5) Fighting
 * Level 13.4(12.5) Long Blades
 - Level 7.2(6.4) Armour
 + Level 12.4(11.5) Shields


You had 8 spell levels left.
You knew the following spells:

 Your Spells              Type           Power        Failure   Level  Hunger
a - Repel Missiles        Chrm/Air       #.....       99%         2    ###....


Dungeon Overview and Level Annotations

Branches:
Dungeon (10/15)            Temple (0/1) D:6            Lair (1/8) D:10
    Orc (1/2) D:10

Altars:
Ashenzari
Cheibriados
Dithmenos
Fedhas
Gozag
Kikubaaqudgha
Makhleb
Okawaru
Trog
Xom
Yredelemnul

Shops:
D:8 !   D:10 !

Annotations:
D:7 Maurice


Innate Abilities, Weirdness & Mutations

You reflexively headbutt those who attack you in melee.
You have a pair of horns on your head.
You are partially covered in slimy green scales (AC +2).
Scrolls take you a little longer to read.
Your spells are a little harder to cast, but a little more powerful.


Message History

You hit the orc knight but do no damage.
The orc knight is heavily wounded.
The orc hits you but does no damage. You block the orc's attack.
Your hands slow down.
The orc sorcerer points at you and mumbles some strange words.
You suddenly lose the ability to move!
The orc knight roars a battlecry!
The orcs go into a battle-frenzy!
The orc knight hits you with a dire flail!!
The orc hits you but does no damage.
The orc wizard mumbles some strange words.
The orc wizard blinks!
The orc hits you but does no damage. The ice devil hits you.
The ice devil freezes you! You resist.
The orc sorcerer gestures at you while chanting.
You resist with almost no effort. The orc warrior hits you with a mace!
The ynoxinul gestures.
The orc knight hits you but does no damage.
The orc sorcerer points at you and mumbles some strange words.
The bolt of fire hits you!
You die...

#... ##..##
##....##
##......##
###....#...##
##..#........#
#...........###
##....4.##....$
###.o@o4......
##..oooo#.#...
#....3oo......
#....#..5o.....
##....5.#......
#....>o$#$.....
#..............
..............##
#$.............#


You could see an orc knight, 2 ice devils, a ynoxinul, 3 orc sorcerers, an orc
warrior, an orc wizard, 4 orcs and 2 ufetubi.

Vanquished Creatures
  Erolcha (D:8)
  3 hill giants (D:10)
  Psyche (D:8)
  Joseph (D:8)
  A centaur skeleton (D:10)
  A troll (Orc:1)
  Grinder (D:4)
  Sigmund (D:5)
  A spriggan (D:7)
  A wyvern (D:8)
  12 yaks
  A basilisk (D:10)
  2 hungry ghosts
  A steam dragon (D:8)
  A porcupine (D:10)
  2 sky beasts
  3 ice beasts
  Purgy (Sewer)
  2 black bears
  3 ogres
  2 centaurs
  A crocodile (D:8)
  5 big kobolds
  3 giant frogs
  5 scorpions
  13 killer bees (D:10)
  3 howler monkeys (D:10)
  3 crimson imps
  3 giant frog skeletons
  2 hounds
  2 jellies
  4 iguanas
  6 worker ants
  4 sheep (Lair:1)
  A hound skeleton (D:5)
  Robin (D:4)
  13 adders
  3 shadow imps
  4 worms
  2 adder skeletons
  2 adder zombies (D:7)
  A dart slug (D:1)
  7 giant geckos
  11 orcs
  2 ball pythons
  8 giant cockroaches
  13 goblins
  8 hobgoblins
  11 jackals
  23 kobolds
  3 quokkas
  8 bats
  A giant gecko skeleton (D:4)
  2 giant newts
  A jackal skeleton (D:4)
  6 rats
  A plant (D:10)
  A toadstool (D:1)
229 creatures vanquished.

Vanquished Creatures (others)
  A plant (D:10)
1 creature vanquished.

Grand Total: 230 creatures vanquished

Notes
Turn   | Place    | Note
--------------------------------------------------------------
     0 | D:1      | Lugonue the Minotaur Fighter began the quest for the Orb.
     0 | D:1      | Reached XP level 1. HP: 19/19 MP: 0/0
   327 | D:1      | Reached XP level 2. HP: 26/26 MP: 1/1
  1004 | D:2      | Reached XP level 3. HP: 26/31 MP: 2/2
  1143 | D:2      | Found a faded altar to an unknown god.
  1182 | D:2      | Became a worshipper of Warmaster Okawaru
  1182 | D:2      | Reached * piety under Okawaru
  1204 | D:2      | Found a blossoming altar of Fedhas.
  1704 | D:3      | Reached skill level 3 in Long Blades
  1704 | D:3      | Reached skill level 5 in Shields
  1880 | D:3      | Reached XP level 4. HP: 39/39 MP: 3/3
  2035 | D:3      | Found a shattered altar of Ashenzari.
  2041 | D:3      | Found a snail-covered altar of Cheibriados.
  2081 | D:4      | Reached XP level 5. HP: 41/45 MP: 1/4
  2172 | D:4      | Found an ancient bone altar of Kikubaaqudgha.
  2178 | D:4      | Noticed Grinder
  2179 | D:4      | Paralysed by Grinder for 2 turns
  2186 | D:4      | Killed Grinder
  2186 | D:4      | Reached ** piety under Okawaru
  2186 | D:4      | Reached skill level 4 in Long Blades
  2186 | D:4      | Reached XP level 6. HP: 25/51 MP: 2/5
  2207 | D:4      | Noticed Robin
  2219 | D:4      | Killed Robin
  2219 | D:4      | Reached skill level 5 in Long Blades
  2468 | D:4      | Found a glowing drain.
  2494 | Sewer    | Entered a sewer
  2558 | Sewer    | Noticed Purgy
  2572 | Sewer    | Killed Purgy
  2727 | D:5      | Entered Level 5 of the Dungeon
  2767 | D:5      | Found an opulent altar of Gozag.
  2768 | D:5      | Found a snail-covered altar of Cheibriados.
  2844 | D:5      | Reached XP level 7. HP: 45/57 MP: 6/6
  2942 | D:5      | Reached skill level 6 in Long Blades
  3020 | D:5      | Noticed Sigmund
  3042 | D:5      | Killed Sigmund
  3274 | D:5      | Found a shadowy altar of Dithmenos.
  3300 | D:5      | Reached skill level 7 in Long Blades
  3372 | D:6      | Found a bloodstained altar of Trog.
  3387 | D:6      | Reached *** piety under Okawaru
  3458 | D:7      | Reached XP level 8. HP: 17/64 MP: 4/7
  3963 | D:7      | Reached skill level 5 in Armour
  4397 | D:7      | Reached skill level 8 in Long Blades
  4707 | D:6      | Found a staircase to the Ecumenical Temple.
  4770 | D:6      | Gained mutation: Your spells are a little harder to cast, but a little more powerful. [potion of mutation]
  4770 | D:6      | Gained mutation: You are partially covered in slimy green scales (AC +2). [potion of mutation]
  4770 | D:6      | Gained mutation: Scrolls take you a little longer to read. [potion of mutation]
  4979 | D:6      | Reached **** piety under Okawaru
  5142 | D:8      | Reached XP level 9. HP: 35/71 MP: 8/8
  5150 | D:8      | Noticed Joseph
  5531 | D:8      | Killed Joseph
  5531 | D:8      | Reached skill level 9 in Long Blades
  5531 | D:8      | Reached skill level 10 in Shields
  5543 | D:8      | Noticed Maurice
  5552 | D:8      | Noticed Erolcha
  5684 | D:8      | Noticed Psyche
  5692 | D:8      | Killed Psyche
  5692 | D:8      | Reached ***** piety under Okawaru
  5692 | D:8      | Reached skill level 5 in Fighting
  5692 | D:8      | Reached skill level 10 in Long Blades
  5730 | D:8      | Found Ekual's Distillery.
  5756 | D:8      | Killed Erolcha
  5756 | D:8      | Reached skill level 11 in Long Blades
  6295 | D:9      | Received a gift from Okawaru
  6295 | D:9      | Reached XP level 10. HP: 84/84 MP: 9/9
  6327 | D:9      | Found a basalt altar of Yredelemnul.
  6399 | D:9      | Learned a level 2 spell: Repel Missiles
  6610 | D:9      | Found a shimmering altar of Xom.
  6611 | D:9      | Found a shimmering altar of Xom.
  6612 | D:9      | Found a shimmering altar of Xom.
  6613 | D:9      | Found a shimmering altar of Xom.
  6614 | D:9      | Found a shimmering altar of Xom.
  6830 | D:9      | Reached skill level 12 in Long Blades
  6997 | D:9      | Noticed a guardian serpent
  7135 | D:10     | Entered Level 10 of the Dungeon
  7667 | D:10     | Found a staircase to the Lair.
  7789 | D:10     | Noticed a hill giant
  7795 | D:10     | Killed a hill giant
  7795 | D:10     | Received a gift from Okawaru
  7798 | D:10     | Got a smoking falchion {god gift}
  7799 | D:10     | Identified the +1 falchion of Valiance {freeze, rPois MR+ MP-9 Dex+4} (Okawaru gifted it to you on level 10 of the Dungeon)
  7828 | D:10     | Reached skill level 13 in Long Blades
  7834 | D:10     | Reached XP level 11. HP: 85/95 MP: 1/10
  7882 | D:10     | Noticed a hill giant
  7894 | D:10     | Killed a hill giant
  7926 | D:10     | Found Bafysale's Distillery.
  7951 | D:10     | Noticed a hill giant
  7963 | D:10     | Killed a hill giant
  8028 | D:10     | Found a burning altar of Makhleb.
  8028 | D:10     | Noticed a blizzard demon
  8041 | D:10     | Found a staircase to the Orcish Mines.
  8266 | D:10     | Upgraded the game from 0.19-a0-139-gefc6d61 to 0.19-a0-147-g6f47703
  8314 | Lair:1   | Entered Level 1 of the Lair of Beasts
  8373 | Lair:1   | Noticed a four-headed hydra
  8473 | Orc:1    | Entered Level 1 of the Orcish Mines
  8484 | Orc:1    | Noticed an orc sorcerer
  8486 | Orc:1    | Noticed an orc sorcerer
  8487 | Orc:1    | Noticed an orc knight
  8487 | Orc:1    | Paralysed by an orc sorcerer for 3 turns
  8797 | Orc:1    | Noticed an orc sorcerer
  8817 | Orc:1    | Paralysed by an orc sorcerer for 5 turns
  8819 | Orc:1    | Killed from afar by an orc sorcerer

Vault maps used:
D:1:      nagdon_arrival_zigzag_paths
D:2:      fedhas_altar_3, ecumenical_altar_2, minivault_26, minivault_27
D:3:      nicolae_overflow_hidden_temple, fountainhead, cheibriados_altar_1
D:4:      old_standard_altar, gup_sewer_entry_glass, uniq_grinder, uniq_robin
D:5:      gammafunk_temple_overflow_statue, first_bread, grunt_dithmenos_smoke,
          uniq_sigmund
D:6:      temple_statues, trog_ov_bears_minmay
D:7:      the_bakery
D:8:      serial_shops, nicolae_shop_behind_doors, uniq_joseph, uniq_maurice,
          uniq_psyche, uniq_erolcha
D:9:      xom_shifter_show, lemuel_round_altar, kennysheep_generic_room_2
D:10:     dpeg_oklobed_lair, serial_shops, shop, makhleb_altar_promises_db
Sewer:    sewer_the_crocodile

Skill      XL: |  1  2  3  4  5  6  7  8  9 10 11 |
---------------+----------------------------------+-----
Shields        | 4 5 6 7 9 11 12 | 12.4
Armour         | 4 7 |  7.2
Long Blades    | 3 4 5 7 8 11 13 | 13.4
Fighting       | 4 6 8 9 |  9.3

Action                   |  1- 3 |  4- 6 |  7- 9 | 10-12 || total
-------------------------+-------+-------+-------+-------++-------
Melee: Long sword        |    99 |   105 |   310 |   207 ||   721
       Headbutt          |     9 |    19 |    68 |   101 ||   197
       Falchion          |       |       |       |   129 ||   129
Throw: Javelin           |       |       |     6 |       ||     6
Invok: Heroism           |       |     3 |     8 |     3 ||    14
       Finesse           |       |       |       |     1 ||     1
Evoke: Wand              |       |       |       |     4 ||     4
  Use: Scroll            |     1 |     9 |    11 |     3 ||    24
       Potion            |       |     1 |     5 |     1 ||     7
 Stab: Sleeping          |     1 |       |       |       ||     1
  Eat: Chunk             |     1 |       |     1 |     5 ||     7
       Bread ration      |     1 |       |       |     1 ||     2
       Beef jerky        |       |     1 |     1 |     1 ||     3
       Meat ration       |       |       |     3 |     1 ||     4
Armor: Leather armour    |    27 |    32 |    14 |       ||    73
       Ring mail         |       |       |    81 |   103 ||   184
Dodge: Dodged            |    56 |    58 |   105 |    69 ||   288
Block: Shield            |    19 |       |    52 |   189 ||   260
       Buckler           |    26 |    35 |    72 |       ||   133
